| TOP OF THE 1ST |
|
Missoula Osprey batting - Pitching for Washington (APP) Nationals : RHP Bastien Perrini
|
|
Pitching: RHP Bastien Perrini
|
|
|
Batting: RHB Nate Spencer
|
0-0: Ball 1-0: Ball 2-0: Called Strike 2-1: TRIPLE (Flyball, 78XD, EV 108.8 MPH)
|
|
Batting: RHB Paul Schreiber
|
0-0: Swinging Strike 0-1: Ball 1-1: Ball 2-1: Ball 3-1: Called Strike 3-2: Foul Ball, location: 2F 3-2: Foul Ball, location: 2F 3-2: Strikes out swinging
|
|
Batting: SHB Evan Armagost
|
0-0: Called Strike 0-1: Swinging Strike 0-2: Ball 1-2: Ball Wild Pitch! Nate Spencer scores 2-2: Ball 3-2: Fly out, F8 (Line Drive, 8LM, EV 96.9 MPH)
|
|
Batting: SHB Blaine Peters
|
0-0: Ball 1-0: Fly out, F5 (Line Drive, 5, EV 66.3 MPH)
|
| Top of the 1st over - 1 run, 1 hit, 0 errors, 0 left on base; Missoula 1 - Washington (APP) 0 |
| BOTTOM OF THE 1ST |
|
Washington (APP) Nationals batting - Pitching for Missoula Osprey : RHP Dan Thompson
|
|
Pitching: RHP Dan Thompson
|
|
|
Batting: RHB Justin Van Houten
|
0-0: Ball 1-0: Swinging Strike 1-1: Called Strike 1-2: Strikes out swinging
|
|
Batting: RHB John Savard
|
0-0: SINGLE (Groundball, 4M, EV 103.1 MPH) (infield hit)
|
|
Batting: RHB Kevin Whitenack
|
0-0: Ball 1-0: Ball John Savard steals 2nd base 2-0: Fly out, F8 (Flyball, 78D, EV 98.1 MPH)
|
|
Batting: RHB Jesus Malave
|
0-0: DOUBLE (Line Drive, 89D, EV 106.3 MPH) John Savard scores
|
|
Batting: RHB Steve Bauman
|
0-0: Ball 1-0: Called Strike 1-1: Ball 2-1: Ball 3-1: Ground out 6-3 (Groundball, 6M, EV 86.9 MPH)
|
| Bottom of the 1st over - 1 run, 2 hits, 0 errors, 1 left on base; Missoula 1 - Washington (APP) 1 |
| TOP OF THE 2ND |
|
Missoula Osprey batting - Pitching for Washington (APP) Nationals : RHP Bastien Perrini
|
|
Batting: LHB Enrique Ponce
|
0-0: Ball 1-0: Ball 2-0: Ball 3-0: Base on Balls
|
|
Batting: RHB Antonio Luisa
|
0-0: Called Strike 0-1: Ball 1-1: Ball 2-1: Ball 3-1: Grounds into double play, 6-4-3 (Groundball, 56, EV 84.4 MPH)
|
|
Batting: RHB Ernesto Zamora
|
0-0: Ball 1-0: Ball 2-0: Ball 3-0: Base on Balls
|
|
Batting: SHB Lee Dillon
|
0-0: Ball 1-0: Ball 2-0: Foul Ball, location: 2F 2-1: Called Strike 2-2: Foul Ball, location: 2F 2-2: SINGLE (Line Drive, 3D, EV 97.5 MPH) Ernesto Zamora to second
|
|
Batting: LHB Jeff Harmon
|
0-0: Ball 1-0: Fly out, F8 (Flyball, 8LM, EV 88.1 MPH)
|
| Top of the 2nd over - 0 runs, 1 hit, 0 errors, 2 left on base; Missoula 1 - Washington (APP) 1 |
| BOTTOM OF THE 2ND |
|
Washington (APP) Nationals batting - Pitching for Missoula Osprey : RHP Dan Thompson
|
|
Batting: RHB Naofumi Ishida
|
0-0: Ground out 6-3 (Groundball, 6, EV 81.3 MPH)
|
|
Batting: RHB Derek Moran
|
0-0: Fly out, F1 (Line Drive, P, EV 63.8 MPH)
|
|
Batting: RHB Alex Blanco
|
0-0: Called Strike 0-1: Ball 1-1: Swinging Strike 1-2: Ball 2-2: Ball 3-2: Foul Ball, location: 2F 3-2: Foul Ball, location: 2F 3-2: Ground out 5-3 (Groundball, 56S, EV 69.4 MPH)
|
| Bottom of the 2nd over - 0 runs, 0 hits, 0 errors, 0 left on base; Missoula 1 - Washington (APP) 1 |
| TOP OF THE 3RD |
|
Missoula Osprey batting - Pitching for Washington (APP) Nationals : RHP Bastien Perrini
|
|
Batting: RHB Nate Spencer
|
0-0: DOUBLE (Line Drive, 7LM, EV 100.0 MPH)
|
|
Batting: RHB Paul Schreiber
|
0-0: Ball 1-0: Called Strike 1-1: Called Strike 1-2: Fly out, F3 (Popup, 3, EV 54.4 MPH)
|
|
Batting: SHB Evan Armagost
|
0-0: Ball 1-0: Ball 2-0: Ball Wild Pitch! Nate Spencer to third 3-0: Called Strike 3-1: Called Strike 3-2: Base on Balls
|
|
Batting: SHB Blaine Peters
|
0-0: Ball 1-0: Foul Ball, location: 2F 1-1: Called Strike 1-2: Ball Evan Armagost is caught stealing 2nd base 2-6 2-2: Ball 3-2: Strikes out looking
|
| Top of the 3rd over - 0 runs, 1 hit, 0 errors, 1 left on base; Missoula 1 - Washington (APP) 1 |
| BOTTOM OF THE 3RD |
|
Washington (APP) Nationals batting - Pitching for Missoula Osprey : RHP Dan Thompson
|
|
Batting: RHB Brian Walker
|
0-0: Ball 1-0: Ground out 4-3 (Groundball, 4S, EV 71.3 MPH)
|
|
Batting: RHB Justin Van Houten
|
0-0: Called Strike 0-1: Fly out, F8 (Flyball, 8RD, EV 81.3 MPH)
|
|
Batting: RHB John Savard
|
0-0: Ball 1-0: Ground out 1-3 (Groundball, 13S, EV 76.3 MPH)
|
| Bottom of the 3rd over - 0 runs, 0 hits, 0 errors, 0 left on base; Missoula 1 - Washington (APP) 1 |
| TOP OF THE 4TH |
|
Missoula Osprey batting - Pitching for Washington (APP) Nationals : RHP Bastien Perrini
|
|
Batting: LHB Enrique Ponce
|
0-0: Called Strike 0-1: SINGLE (Line Drive, 8LS, EV 96.3 MPH)
|
|
Batting: RHB Antonio Luisa
|
0-0: Ball 1-0: Ball 2-0: Called Strike 2-1: Foul Ball, location: 2F 2-2: Ball 3-2: Grounds into double play, 6-4-3 (Groundball, 56, EV 81.9 MPH)
|
|
Batting: RHB Ernesto Zamora
|
0-0: Ball 1-0: Ball 2-0: Swinging Strike 2-1: Foul Ball, location: 2F 2-2: Ball 3-2: Base on Balls
|
|
Batting: SHB Lee Dillon
|
0-0: Fly out, F6 (Line Drive, 6, EV 69.4 MPH)
|
| Top of the 4th over - 0 runs, 1 hit, 0 errors, 1 left on base; Missoula 1 - Washington (APP) 1 |
| BOTTOM OF THE 4TH |
|
Washington (APP) Nationals batting - Pitching for Missoula Osprey : RHP Dan Thompson
|
|
Batting: RHB Kevin Whitenack
|
0-0: Called Strike 0-1: Ball 1-1: Ball 2-1: Foul Ball, location: 2F 2-2: Ball 3-2: Fly out, F8 (Flyball, 89M, EV 91.3 MPH)
|
|
Batting: RHB Jesus Malave
|
0-0: Ball 1-0: DOUBLE (Line Drive, 7LS, EV 115.0 MPH)
|
|
Batting: RHB Steve Bauman
|
0-0: Ball 1-0: Ball 2-0: Called Strike 2-1: Ball 3-1: Swinging Strike 3-2: Foul Ball, location: 2F 3-2: Base on Balls
|
|
Batting: RHB Naofumi Ishida
|
0-0: Ball 1-0: Ball 2-0: Called Strike 2-1: SINGLE (Flyball, 9LS, EV 89.4 MPH) Jesus Malave to third Steve Bauman to second
|
|
Batting: RHB Derek Moran
|
0-0: Called Strike 0-1: Grounds into fielders choice 1-2 (Groundball, 15S, EV 75.0 MPH) Steve Bauman to third Naofumi Ishida to second
|
|
Batting: RHB Alex Blanco
|
0-0: Ball 1-0: Ball 2-0: Ball 3-0: Called Strike 3-1: Base on Balls Steve Bauman scores Naofumi Ishida to third Derek Moran to second
|
|
Pitching: RHP John Petersen
|
|
|
Batting: RHB Brian Walker
|
0-0: Ball 1-0: Foul Ball, location: 2F 1-1: Ball 2-1: Fielders Choice at 2nd, 6-4 (Groundball, 6, EV 76.3 MPH)
|
| Bottom of the 4th over - 1 run, 2 hits, 0 errors, 3 left on base; Missoula 1 - Washington (APP) 2 |
| TOP OF THE 5TH |
|
Missoula Osprey batting - Pitching for Washington (APP) Nationals : RHP Bastien Perrini
|
|
Batting: LHB Jeff Harmon
|
0-0: Ball 1-0: Ball 2-0: Ball 3-0: Called Strike 3-1: Base on Balls
|
|
Batting: RHB Nate Spencer
|
0-0: Ball 1-0: Ball 2-0: Foul Ball, location: 2F 2-1: Ball 3-1: Foul Ball, location: 2F 3-2: Foul Ball, location: 2F 3-2: Foul Ball, location: 2F 3-2: SINGLE (Line Drive, 9S, EV 105.0 MPH) Jeff Harmon to second
|
|
Batting: RHB Paul Schreiber
|
0-0: Called Strike 0-1: Ball 1-1: Ball 2-1: Called Strike 2-2: Ball 3-2: DOUBLE (Line Drive, 9LM, EV 101.3 MPH) Jeff Harmon scores Nate Spencer to third
|
|
Batting: SHB Evan Armagost
|
0-0: Ball 1-0: Ball 2-0: Ball 3-0: Base on Balls
|
|
Pitching: RHP Chris Lawrence
|
|
|
Batting: SHB Blaine Peters
|
0-0: Ball 1-0: Ball 2-0: SINGLE (Groundball, 4M, EV 111.3 MPH) Nate Spencer scores Paul Schreiber to third Evan Armagost to second
|
|
Batting: LHB Enrique Ponce
|
0-0: Called Strike 0-1: Foul Ball, location: 2F 0-2: Foul Ball, location: 2F 0-2: Ball 1-2: Ball 2-2: Grounds into fielders choice 4-2 (Groundball, 4, EV 90.0 MPH) Evan Armagost to third Blaine Peters to second
|
|
Batting: RHB Antonio Luisa
|
0-0: SINGLE (Groundball, 6MD, EV 94.4 MPH) Evan Armagost scores Blaine Peters to third Enrique Ponce to second Runner from 3rd tries for Home, SAFE, throw by CF to home
|
|
Batting: RHB Ernesto Zamora
|
0-0: Foul Ball, location: 2F 0-1: Ball 1-1: Called Strike 1-2: Ball 2-2: Ball 3-2: Ground out 5-3 (Groundball, 56S, EV 65.6 MPH) Enrique Ponce to third Antonio Luisa to second
|
|
Batting: SHB Lee Dillon
|
0-0: Ball 1-0: Swinging Strike 1-1: Foul Ball, location: 2F 1-2: Ball 2-2: Foul Ball, location: 2F 2-2: Foul Ball, location: 2F 2-2: Fly out, F7 (Flyball, 7LM, EV 78.8 MPH)
|
| Top of the 5th over - 4 runs, 4 hits, 0 errors, 2 left on base; Missoula 5 - Washington (APP) 2 |
| BOTTOM OF THE 5TH |
|
Washington (APP) Nationals batting - Pitching for Missoula Osprey : RHP John Petersen
|
|
Batting: RHB Justin Van Houten
|
0-0: Called Strike 0-1: Foul Ball, location: 2F 0-2: Ball 1-2: Ball 2-2: Foul Ball, location: 2F 2-2: Ball 3-2: Reached on error, E5 (Groundball, 5, EV 79.4 MPH)
|
|
Batting: RHB John Savard
|
0-0: Fly out, F8 (Flyball, 8LXD, EV 90.6 MPH)
|
|
Batting: RHB Kevin Whitenack
|
0-0: Called Strike 0-1: Ball 1-1: Ball Wild Pitch! Justin Van Houten to second 2-1: Foul Ball, location: 2F 2-2: 2-RUN HOME RUN (Flyball, 7D, EV 98.8 MPH), Distance : 398 ft
|
|
Batting: RHB Jesus Malave
|
0-0: Ball 1-0: Ground out U3 (Groundball, 3L, EV 104.4 MPH)
|
|
Pitching: RHP Rick Foster
|
|
|
Batting: RHB Steve Bauman
|
0-0: Ball 1-0: Ball 2-0: Called Strike 2-1: SINGLE (Groundball, 6S, EV 66.3 MPH) (infield hit)
|
|
Batting: RHB Naofumi Ishida
|
0-0: Called Strike 0-1: Called Strike 0-2: Ball 1-2: Ball 2-2: SINGLE (Line Drive, 6MD, EV 104.4 MPH) Steve Bauman to second
|
|
Batting: RHB Derek Moran
|
0-0: Called Strike 0-1: DOUBLE (Groundball, 5L, EV 102.5 MPH) Steve Bauman scores Naofumi Ishida to third
|
|
Batting: RHB Alex Blanco
|
0-0: Ball Wild Pitch! Naofumi Ishida scores Derek Moran to third 1-0: Called Strike 1-1: Ball 2-1: Foul Ball, location: 2F 2-2: Ball 3-2: Base on Balls
|
|
Batting: RHB Brian Walker
|
0-0: Ball 1-0: Called Strike 1-1: Ball 2-1: SINGLE (Line Drive, 34, EV 96.3 MPH) Derek Moran scores Alex Blanco to second Runner from 2nd tries for 3rd, SAFE, throw by RF made to third
|
|
Pitching: RHP Jason Hammons
|
|
|
Batting: RHB Justin Van Houten
|
0-0: Foul Ball, location: 2F 0-1: Swinging Strike 0-2: Ball 1-2: Foul Ball, location: 2F 1-2: Strikes out swinging
|
| Bottom of the 5th over - 5 runs, 5 hits, 1 error, 2 left on base; Missoula 5 - Washington (APP) 7 |
| TOP OF THE 6TH |
|
Missoula Osprey batting - Pitching for Washington (APP) Nationals : RHP Chris Lawrence
|
|
Pitching: LHP Mike Bigos
|
|
|
Batting: LHB Jeff Harmon
|
0-0: Called Strike 0-1: Foul Ball, location: 2F 0-2: TRIPLE (Line Drive, 9LD, EV 105.6 MPH)
|
|
Batting: RHB Nate Spencer
|
0-0: Ball 1-0: Called Strike 1-1: SINGLE (Flyball, 7S, EV 93.1 MPH) Jeff Harmon scores
|
|
Batting: RHB Paul Schreiber
|
0-0: Ball 1-0: Ball 2-0: Called Strike 2-1: Ball 3-1: SINGLE (Line Drive, 4MD, EV 95.6 MPH) Nate Spencer to second
|
|
Batting: SHB Evan Armagost
|
0-0: Ball 1-0: Ball 2-0: Ball 3-0: Swinging Strike 3-1: Base on Balls Nate Spencer to third Paul Schreiber to second
|
|
Batting: SHB Blaine Peters
|
0-0: Ball 1-0: Called Strike 1-1: Ball 2-1: Foul Ball, location: 2F 2-2: Strikes out swinging
|
|
Pitching: LHP Gregg Huddleston
|
|
|
Pinch Hitting: RHB Steve Machol
|
0-0: Ball 1-0: Fly out, F8 (Flyball, 8LXD, EV 103.1 MPH) Runner from 3rd tags up, SCORES, no throw by CF Paul Schreiber to third
|
|
Batting: RHB Antonio Luisa
|
0-0: SINGLE (Groundball, 56D, EV 104.4 MPH) Paul Schreiber scores Evan Armagost to second
|
|
Batting: RHB Ernesto Zamora
|
0-0: Ball 1-0: Called Strike 1-1: Foul Ball, location: 2F 1-2: Ball 2-2: Fielders Choice at 2nd, 6-4 (Groundball, 4M, EV 89.4 MPH)
|
| Top of the 6th over - 3 runs, 4 hits, 0 errors, 2 left on base; Missoula 8 - Washington (APP) 7 |
| BOTTOM OF THE 6TH |
|
Washington (APP) Nationals batting - Pitching for Missoula Osprey : RHP Jason Hammons
|
|
Now in CF: Ed Vargas
|
|
|
Batting: RHB John Savard
|
0-0: TRIPLE (Line Drive, 89XD, EV 97.5 MPH)
|
|
Batting: RHB Kevin Whitenack
|
0-0: Ball 1-0: Ball 2-0: Called Strike 2-1: Swinging Strike 2-2: DOUBLE (Line Drive, 5D, EV 94.4 MPH) John Savard scores
|
|
Batting: RHB Jesus Malave
|
0-0: Ball 1-0: Called Strike 1-1: Foul Ball, location: 2F 1-2: Ball 2-2: Strikes out looking
|
|
Batting: RHB Steve Bauman
|
0-0: Called Strike 0-1: Ball 1-1: Foul Ball, location: 2F 1-2: Ball 2-2: Foul Ball, location: 2F 2-2: SINGLE (Groundball, 34D, EV 103.1 MPH) Kevin Whitenack to third Runner from 3rd tries for Home, SAFE, throw by RF to home
|
|
Pitching: LHP Heath Henderson
|
|
|
Batting: RHB Naofumi Ishida
|
0-0: Called Strike 0-1: Swinging Strike 0-2: Ball 1-2: Foul Ball, location: 2F 1-2: Ball Wild Pitch! Steve Bauman to second 2-2: Foul Ball, location: 2F 2-2: Fly out, F7 (Flyball, 7S, EV 81.3 MPH)
|
|
Batting: RHB Derek Moran
|
0-0: Called Strike 0-1: SINGLE (Groundball, 56D, EV 98.8 MPH) Steve Bauman to third Runner from 3rd tries for Home, SAFE, throw by LF to home Derek Moran to second
|
|
Batting: RHB Alex Blanco
|
0-0: Ball 1-0: Ball 2-0: Called Strike 2-1: Ball Wild Pitch! Derek Moran to third 3-1: Called Strike 3-2: Foul Ball, location: 2F 3-2: Foul Ball, location: 2F 3-2: Foul Ball, location: 2F 3-2: Base on Balls
|
|
Pitching: RHP Alan Muth
|
|
|
Batting: RHB Brian Walker
|
0-0: Ball 1-0: SINGLE (Flyball, 6D, EV 86.3 MPH) Derek Moran scores Alex Blanco to second
|
|
Batting: RHB Justin Van Houten
|
0-0: Called Strike 0-1: Ball 1-1: Swinging Strike 1-2: Ball 2-2: Foul Ball, location: 2F 2-2: Foul Ball, location: 2F 2-2: 3-RUN HOME RUN (Flyball, 78XD, EV 102.5 MPH), Distance : 424 ft
|
|
Batting: RHB John Savard
|
0-0: Ball 1-0: Called Strike 1-1: Foul Ball, location: 2F 1-2: Foul Ball, location: 2F 1-2: Ball 2-2: Foul Ball, location: 2F 2-2: Foul Ball, location: 2F 2-2: SINGLE (Groundball, 56D, EV 110.0 MPH)
|
|
Batting: RHB Kevin Whitenack
|
0-0: Ball John Savard steals 2nd base 1-0: Called Strike 1-1: Ball 2-1: Foul Ball, location: 2F 2-2: Foul Ball, location: 2F 2-2: Ball 3-2: Foul Ball, location: 2F 3-2: Foul Ball, location: 2F 3-2: Base on Balls
|
|
Pitching: RHP Tom Alatas
|
|
|
Batting: RHB Jesus Malave
|
0-0: Swinging Strike 0-1: Swinging Strike 0-2: Ball 1-2: TRIPLE (Line Drive, 89XD, EV 110.6 MPH) John Savard scores Kevin Whitenack scores
|
|
Batting: RHB Steve Bauman
|
0-0: Called Strike 0-1: Ball Passed Ball! Jesus Malave scores 1-1: Ball 2-1: Foul Ball, location: 2F 2-2: Ball 3-2: Base on Balls
|
|
Batting: RHB Naofumi Ishida
|
0-0: Ball 1-0: Ball 2-0: Foul Ball, location: 2F 2-1: Ball 3-1: DOUBLE (Line Drive, 78D, EV 109.4 MPH) Steve Bauman to third Runner from 3rd tries for Home, SAFE, throw by LF to home
|
|
Batting: RHB Derek Moran
|
0-0: Ball 1-0: Called Strike 1-1: DOUBLE (Line Drive, 89D, EV 107.5 MPH) Naofumi Ishida scores
|
|
Pitching: RHP Mike Eagerton
|
|
|
Batting: RHB Alex Blanco
|
0-0: Ball 1-0: Ball 2-0: Called Strike 2-1: Ball 3-1: Called Strike 3-2: Foul Ball, location: 2F 3-2: Base on Balls
|
|
Batting: RHB Brian Walker
|
0-0: Foul Ball, location: 2F 0-1: Ball 1-1: Ball 2-1: Foul Ball, location: 2F 2-2: Strikes out looking
|
| Bottom of the 6th over - 12 runs, 10 hits, 0 errors, 2 left on base; Missoula 8 - Washington (APP) 19 |
| TOP OF THE 7TH |
|
Missoula Osprey batting - Pitching for Washington (APP) Nationals : LHP Gregg Huddleston
|
|
Batting: SHB Lee Dillon
|
0-0: Ball 1-0: Ball 2-0: Ball 3-0: Base on Balls
|
|
Batting: LHB Jeff Harmon
|
0-0: Ball 1-0: Ball 2-0: Ball 3-0: Called Strike 3-1: Called Strike 3-2: Base on Balls Lee Dillon to second
|
|
Pitching: LHP Josh Kelly
|
|
|
Batting: RHB Nate Spencer
|
0-0: Ball 1-0: Called Strike 1-1: Ball 2-1: Foul Ball, location: 2F 2-2: Foul Ball, location: 2F 2-2: Ball 3-2: Fielders Choice at 2nd, 4-6 (Groundball, 34, EV 98.8 MPH) Lee Dillon to third
|
|
Batting: RHB Paul Schreiber
|
0-0: Ball 1-0: Ball Nate Spencer steals 2nd base 2-0: Fly out, F8 (Flyball, 8LXD, EV 97.5 MPH) Runner from 3rd tags up, SCORES, no throw by CF Nate Spencer to third
|
|
Batting: SHB Evan Armagost
|
0-0: Called Strike 0-1: Ground out 5-3 (Groundball, 5, EV 98.1 MPH)
|
| Top of the 7th over - 1 run, 0 hits, 0 errors, 1 left on base; Missoula 9 - Washington (APP) 19 |
| BOTTOM OF THE 7TH |
|
Washington (APP) Nationals batting - Pitching for Missoula Osprey : RHP Mike Eagerton
|
|
Batting: RHB Justin Van Houten
|
0-0: Called Strike 0-1: Swinging Strike 0-2: Foul Ball, location: 2F 0-2: Ball 1-2: SINGLE (Groundball, 6MD, EV 109.4 MPH)
|
|
Batting: RHB John Savard
|
0-0: Called Strike 0-1: Called Strike 0-2: Fly out, F3 (Popup, 23F, EV 92.5 MPH)
|
|
Batting: RHB Kevin Whitenack
|
0-0: Called Strike 0-1: Ball 1-1: Swinging Strike 1-2: Foul Ball, location: 2F 1-2: Foul Ball, location: 2F 1-2: Ball 2-2: Ball Wild Pitch! Justin Van Houten to second 3-2: Foul Ball, location: 2F 3-2: Base on Balls
|
|
Batting: RHB Jesus Malave
|
0-0: Ball 1-0: Called Strike 1-1: Called Strike 1-2: Foul Ball, location: 2F 1-2: Ball 2-2: Grounds into double play, 4-6-3 (Groundball, 4, EV 106.9 MPH)
|
| Bottom of the 7th over - 0 runs, 1 hit, 0 errors, 1 left on base; Missoula 9 - Washington (APP) 19 |
| TOP OF THE 8TH |
|
Missoula Osprey batting - Pitching for Washington (APP) Nationals : LHP Josh Kelly
|
|
Batting: SHB Blaine Peters
|
0-0: Ball 1-0: DOUBLE (Flyball, 8LXD, EV 99.4 MPH)
|
|
Batting: SHB Ed Vargas
|
0-0: Ball 1-0: Ball 2-0: Swinging Strike 2-1: Ball 3-1: Base on Balls
|
|
Pitching: LHP Kevin Besser
|
|
|
Batting: RHB Antonio Luisa
|
0-0: Ball 1-0: Swinging Strike 1-1: Fly out, F4 (Line Drive, 4, EV 69.4 MPH)
|
|
Batting: RHB Ernesto Zamora
|
0-0: Ball 1-0: Fly out, F7 (Line Drive, 78M, EV 104.4 MPH)
|
|
Batting: SHB Lee Dillon
|
0-0: Called Strike 0-1: Ball Wild Pitch! Blaine Peters to third Ed Vargas to second 1-1: Ball 2-1: Foul Ball, location: 2F 2-2: Ball Wild Pitch! Blaine Peters scores Ed Vargas to third 3-2: Fly out, F8 (Flyball, 89M, EV 91.3 MPH)
|
| Top of the 8th over - 1 run, 1 hit, 0 errors, 1 left on base; Missoula 10 - Washington (APP) 19 |
| BOTTOM OF THE 8TH |
|
Washington (APP) Nationals batting - Pitching for Missoula Osprey : RHP Mike Eagerton
|
|
Batting: RHB Steve Bauman
|
0-0: Called Strike 0-1: Swinging Strike 0-2: Ball 1-2: Ball 2-2: Foul Ball, location: 2F 2-2: Ground out 6-3 (Groundball, 6, EV 90.6 MPH)
|
|
Batting: RHB Naofumi Ishida
|
0-0: Ball 1-0: SOLO HOME RUN (Flyball, 78XD, EV 110.6 MPH), Distance : 427 ft
|
|
Batting: RHB Derek Moran
|
0-0: Called Strike 0-1: Ball 1-1: Ground out 5-3 (Groundball, 56S, EV 73.8 MPH)
|
|
Batting: RHB Alex Blanco
|
0-0: Called Strike 0-1: Ball 1-1: Called Strike 1-2: Ground out 4-3 (Groundball, 34D, EV 81.9 MPH)
|
| Bottom of the 8th over - 1 run, 1 hit, 0 errors, 0 left on base; Missoula 10 - Washington (APP) 20 |
| TOP OF THE 9TH |
|
Missoula Osprey batting - Pitching for Washington (APP) Nationals : LHP Kevin Besser
|
|
Batting: LHB Jeff Harmon
|
0-0: Ball 1-0: Ball 2-0: Called Strike 2-1: Ground out U3 (Groundball, 34S, EV 87.5 MPH)
|
|
Batting: RHB Nate Spencer
|
0-0: Called Strike 0-1: Foul Ball, location: 2F 0-2: Ball 1-2: Ball 2-2: Ground out 4-3 (Groundball, 34, EV 88.1 MPH)
|
|
Pitching: LHP Mike Montgomery
|
|
|
Batting: RHB Paul Schreiber
|
0-0: Called Strike 0-1: Foul Ball, location: 2F 0-2: Ball 1-2: Ball 2-2: Ball 3-2: Ground out 5-3 (Groundball, 5, EV 87.5 MPH)
|
| Top of the 9th over - 0 runs, 0 hits, 0 errors, 0 left on base; Missoula 10 - Washington (APP) 20 |
|